cohdb
Replays
Latest Replays
All Replays
Popular Replays
Top Player Replays
Match Explorer
How It Works
Community
CoH3 Stats
Reddit
Sign in to upload your games and track your stats! →
Sign in with Steam
Match 43134030
Unlisted
Match 43134030
Overview
Messages
Build Orders
End
Royal Engineer Section
Vickers Machine Gun Team
Selects Indian Artillery Battlegroup
Construct Section Command Post
Infantry Section
Selects War Cry
Infantry Section
Grenade Package
Selects Gurkha Rifles Section
Gurkha Rifles Section
Gurkha Rifles Section
Construct Platoon Command Post
Construct Company Command Post
War Cry
Matilda II Heavy Tank
Selects Volunteer Infantry
Selects Artillery Saturation
TheSlothInChargeOfEconomy
ConcernedApe
Astarot
Thrax
0
0
Comments
sign in to comment!
No comments posted yet!